 Dungeon Crawl Stone Soup version 0.22-a0-447-gee5f723 (webtiles) character file.

1127 ArgaWasAlreadyTaken the Covered (level 8, -6/51 HPs)
             Began as a Gargoyle Fighter on June 3, 2018.
             Was an Initiate of Makhleb.
             Mangled by an ogre
             ... wielding a +0 giant club
              (10 damage)
             ... on level 5 of the Dungeon.
             The game lasted 00:02:11 (2193 turns).

ArgaWasAlreadyTaken the Covered (Gargoyle Fighter)  Turns: 2193, Time: 00:02:11

Health: -6/51      AC: 21    Str: 29    XL:     8   Next: 35%
Magic:  8/8        EV:  5    Int:  8    God:    Makhleb [......]
Gold:   171        SH: 11    Dex:  9    Spells: 7/7 levels left

rFire    . . .     SeeInvis .   a - +0 war axe
rCold    . . .     Gourm    .   c - +0 shield
rNeg     + . .     Faith    .   F - +0 plate armour
rPois    ∞         Spirit   .   (no helmet)
rElec    +         Reflect  .   V - +2 cloak of Hedging {Str+6}
rCorr    .         Harm     .   (no gloves)
MR       .....                  (no boots)
Stlth    ..........             (no amulet)
HPRegen  0.17/turn              (no ring)
MPRegen  0.11/turn              (no ring)

@: no status effects
A: negative energy resistance 1, electricity resistance, unbreathing,
petrification resistance, rot immunity, AC +5
a: Renounce Religion


You were on level 5 of the Dungeon.
You worshipped Makhleb.
Makhleb was noncommittal.
You were not hungry.

You visited 1 branch of the dungeon, and saw 5 of its levels.

You collected 171 gold pieces.

Inventory:

Hand Weapons
 a - a +0 war axe (weapon)
Armour
 c - a +0 shield (worn)
 F - a +0 plate armour (worn)
 V - the +2 cloak of Hedging (worn) {Str+6}
   (You found it on level 4 of the Dungeon)

   It affects your strength (+6).
Wands
 D - a wand of digging (11)
Scrolls
 g - a scroll of enchant armour {unknown}
 m - 3 scrolls of teleportation {unknown}
 n - a scroll of enchant weapon {unknown}
 R - 3 scrolls of identify
 S - 2 scrolls of immolation
 U - a scroll of fear {unknown}
Potions
 d - a potion of might
 l - a potion of degeneration
 Q - 2 potions of curing
 X - a potion of lignification {unknown}
Comestibles
 f - 7 rations
 Y - a chunk of flesh


   Skills:
 + Level 6.1 Fighting
 + Level 4.6 Axes
 + Level 6.2 Armour
 + Level 6.1 Shields


You had 7 spell levels left.
You didn't know any spells.
Your spell library was empty.

Dungeon Overview and Level Annotations

Branches:
Dungeon (5/15)             Temple (0/1) D:5

Altars:
Makhleb
Vehumet


Innate Abilities, Weirdness & Mutations

You are resistant to torment.
Your stone body is resilient. (AC +5)
You are immune to poison.
You resist negative energy. (rN+)
You are resistant to electric shocks. (rElec)
You can survive without breathing.
You are immune to petrification.
You are immune to rotting.


Message History

You dice the butt like an onion!!!
The ogre is almost butt!
You block the ogre'butts attack!
Your plate armour prevents butt from hitting the ogre!
The ogre is almost dead!
You butt the ogre's attack!
You dice the ogre but do no damage!
The ogre is almost dead!
The ogre hits you but does no damage!
You dice the ogre like an onion!
The ogre is almost dead!
The ogre hits you but does no damage!
You closely miss the ogre!
The ogre is almost dead!
The ogre hits you with a giant club!!! * * * don't die
* * * Butt barely miss the ogre!
The ogre is almost dead!
The ogre hits you with a giant club!!! rip

###.+.+>#.'.................#
###...#.###.#.................#
....# #.....#.................#
....#####'###.............#####
..........................#
..........................#
..........##..............#
>..........#..............#
...............O@.........#
..........................#
...........#........#####.#
...........#........# #.#
...........#........# #.#
...........#........# #.#
#..........###.#.##)# #.#
...........# #...<#.# #.#
............ ###....# #.#


You could see an ogre.

Vanquished Creatures
  Pikel (D:5)
  4 slaves
  An ogre (D:4)
  Blork the orc (D:4)
  A gnoll sergeant (D:4)
  A crimson imp (D:3)
  2 hounds
  A jelly (D:5)
  2 orc priests (D:4)
  3 orc wizards
  A worker ant (D:4)
  4 gnolls (D:4)
  A howler monkey skeleton (D:4)
  4 adders
  An ooze (D:2)
  A worm (D:2)
  A leopard gecko (D:2)
  9 orcs
  5 giant cockroaches
  4 goblins
  6 hobgoblins
  4 jackals (D:3)
  6 quokkas
  A ball python (D:4)
  3 bats
  2 frilled lizards
  A jackal skeleton (D:5)
  4 kobolds
  A rat (D:1)
76 creatures vanquished.

Notes
Turn   | Place    | Note
-------+----------+-------------------------------------------
     0 | D:1      | ArgaWasAlreadyTaken the Gargoyle Fighter began the quest for the Orb.
     0 | D:1      | Reached XP level 1. HP: 14/14 MP: 1/1
    87 | D:1      | Reached XP level 2. HP: 18/19 MP: 2/2
   223 | D:2      | Found a radiant altar of Vehumet.
   323 | D:2      | Reached XP level 3. HP: 21/23 MP: 3/3
   520 | D:3      | Reached XP level 4. HP: 29/29 MP: 4/4
   833 | D:4      | Reached XP level 5. HP: 21/33 MP: 5/5
   853 | D:4      | Reached skill level 3 in Axes
  1041 | D:4      | Noticed an ogre
  1053 | D:4      | Killed an ogre
  1053 | D:4      | Reached XP level 6. HP: 17/39 MP: 6/6
  1072 | D:4      | Got a twisted cloak
  1078 | D:4      | Identified the +2 cloak of Hedging {Str+6} (You found it on level 4 of the Dungeon)
  1489 | D:4      | Reached XP level 7. HP: 43/44 MP: 7/7
  1524 | D:4      | Found a burning altar of Makhleb.
  1529 | D:4      | Noticed Blork the orc
  1540 | D:4      | Killed Blork the orc
  1552 | D:4      | Became a worshipper of Makhleb the Destroyer
  1615 | D:5      | Entered Level 5 of the Dungeon
  1616 | D:5      | Noticed Pikel
  1918 | D:5      | Killed Pikel
  1918 | D:5      | Reached skill level 6 in Fighting
  1918 | D:5      | Reached skill level 6 in Armour
  1918 | D:5      | Reached skill level 6 in Shields
  1918 | D:5      | Reached XP level 8. HP: 23/51 MP: 8/8
  2059 | D:5      | Found a staircase to the Ecumenical Temple.
  2193 | D:5      | Mangled by an ogre

Vault maps used:
D:1:      mrwooster_arrival_statue_3
D:2:      lemuel_crystal_altar, kennysheep_generic_room_7
D:3:      first_ration
D:4:      overflow_temple_1_default, lightli_minifort, uniq_blork_the_orc
D:5:      minmay_temple_entry_glassed_door, kennysheep_generic_room_16,
          uniq_pikel

Skill      XL: |  1  2  3  4  5  6  7 |
---------------+----------------------+-----
Axes           | 2 3 4 |  4.6
Armour         | 4 5 6 |  6.2
Fighting       | 4 5 6 |  6.1
Shields        | 4 5 6 |  6.1

Action                   |  1- 3 |  4- 6 |  7- 9 || total
-------------------------+-------+-------+-------++-------
Melee: War axe           |    81 |   103 |   122 ||   306
  Use: Scroll            |       |     4 |       ||     4
       Potion            |       |     2 |     1 ||     3
  Eat: Chunk             |       |     2 |     3 ||     5
Armor: Scale mail        |    37 |    15 |       ||    52
       Plate armour      |       |    96 |   123 ||   219
Dodge: Dodged            |    30 |    31 |    41 ||   102
Block: Shield            |    44 |    62 |    98 ||   204

Table legend:
 A = Spawn XP
 B = Non-spawn XP
 C = Spawn XP percentage of total XP
 D = Spawn monster count
 E = Non-spawn monster count
 F = Spawn count percentage of total count
 G = Total turns spent on level
                    A         B        C        D         E        F      G
               +---------+---------+-------+---------+---------+-------+---------
         Total |       0 |    1610 |   0.0 |       0 |      72 |   0.0 |  2193
               +---------+---------+-------+---------+---------+-------+---------
           D:1 |       0 |      13 |   0.0 |       0 |       8 |   0.0 |   194
           D:2 |       0 |      28 |   0.0 |       0 |      12 |   0.0 |   199
           D:3 |       0 |      97 |   0.0 |       0 |      14 |   0.0 |   345
           D:4 |       0 |     661 |   0.0 |       0 |      29 |   0.0 |  1137
           D:5 |       0 |     811 |   0.0 |       0 |       9 |   0.0 |   318
               +---------+---------+-------+---------+---------+-------+---------
